 Dungeon Crawl Stone Soup version 0.29.1-2-gbd0b4ee654 (webtiles) character file.

Game seed: 13112583067544895704

1141 qeuew the Poker (level 8, -2/62 HPs)
             Began as a Merfolk Gladiator on Nov 14, 2022.
             Was an Initiate of Ashenzari.
             Slain by a slime creature (11 damage)
             ... on level 5 of the Dungeon.
             The game lasted 00:06:59 (5117 turns).

qeuew the Poker (Merfolk Gladiator)                 Turns: 5117, Time: 00:07:00

Health: -2/62      AC:  6    Str: 24    XL:     8   Next: 37%
Magic:  8/8        EV: 14    Int:  6    God:    Ashenzari [......]
Gold:   214        SH:  0    Dex: 16    Spells: 7/7 levels left

rFire   . . .      SeeInvis .   h - +3 trident "Thunder Perfect Mind" {freeze, rCorr Str+5 Stlth+, Cun, Fort} (curse)
rCold   . . .      Faith    .   (no shield)
rNeg    . . .      Spirit   .   g - +0 ring mail
rPois   .          Reflect  .   c - +0 helmet
rElec   .          Harm     .   (no cloak)
rCorr   +          Rampage  .   (no gloves)
Will    .....                   (no boots)
Stlth   ++........              (no amulet)
HPRegen 0.20/turn               (no ring)
MPRegen 0.11/turn               (no ring)

@: no status effects
A: (nimble swimmer 2), mertail, strong 1
a: Renounce Religion, Shatter the Chains


You were on level 5 of the Dungeon.
You worshipped Ashenzari.
Ashenzari was noncommittal.
You visited 1 branch of the dungeon, and saw 5 of its levels.

You collected 214 gold pieces.

Inventory:

Hand Weapons
 h - the cursed +3 trident "Thunder Perfect Mind" (weapon) {freeze, rCorr Str+5 Stlth+, Cun, Fort}
   (You found it on level 3 of the Dungeon)

   It freezes those it strikes, dealing additional cold damage.
   It can also slow down cold-blooded creatures.
   Str:       It affects your strength (+5).
   rCorr:     It protects you from acid and corrosion.
   Stlth:     It makes you more stealthy.
   It has a curse which improves the following skills: Cunning: Dodging and
   Stealth.
   Fortitude: Armour and Shields.
Missiles
 d - 3 throwing nets (quivered)
 e - a javelin
Armour
 c - a +0 helmet (worn)
 g - a +0 ring mail (worn)
Wands
 l - a wand of iceblast (6)
Scrolls
 b - a scroll of blinking {unknown}
 f - 3 scrolls of silence
 j - 2 scrolls of identify
 k - a scroll of fear
Potions
 a - 3 potions of curing
 i - a potion of brilliance


   Skills:
 + Level 5.1 Fighting
 + Level 6.8 Polearms
 + Level 4.6 Throwing
 + Level 3.0(3.3) Armour
 + Level 6.8(7.2) Dodging
 + Level 1.1 Evocations


You had 7 spell levels left.
You didn't know any spells.
Your spell library contained the following spells:

 Spells                   Type           Power      Damage    Failure   Level
 Magic Dart               Conj           0%         1d3       58%         1
 Blink                    Tloc           0%         N/A       75%         2
 Call Imp                 Summ           0%         N/A       75%         2
 Lesser Beckoning         Tloc           0%         N/A       92%         3
 Mephitic Cloud           Conj/Pois/Air  0%         N/A       92%         3
 Stone Arrow              Conj/Erth      0%         3d7       92%         3
 Summon Guardian Golem    Hex/Summ       0%         N/A       92%         3
 Tukima's Dance           Hex            0%         N/A       92%         3
 Animate Armour           Summ/Erth      0%         N/A       100%        4
 Manifold Assault         Tloc           0%         N/A       100%        5
 Monstrous Menagerie      Summ           0%         N/A       100%        7
 Spellforged Servitor     Conj/Summ      0%         N/A       100%        7
 Lehudib's Crystal Spear  Conj/Erth      0%         10d2      100%        8


Dungeon Overview and Level Annotations

Branches:
Dungeon (5/15)             Temple (0/1) D:4

Altars:
Ashenzari
Qazlal

Shops:
D:2 :


Innate Abilities, Weirdness & Mutations

((You are very nimble when in or above water. (Stealth+, EV+, Speed+++)))
Your lower body shifts to a powerful aquatic tail in water.
Your muscles are strong. (Str +4, Int/Dex -1)


Message History

You barely miss the endoplasm. The endoplasm hits you.
You are too injured to fight recklessly!
You are too injured to fight recklessly!
You are too injured to fight recklessly!
You are too injured to fight recklessly!
You are too injured to fight recklessly!
You are too injured to fight recklessly!
You are too injured to fight recklessly!
You are too injured to fight recklessly!
You are too injured to fight recklessly!
You are too injured to fight recklessly!
You are too injured to fight recklessly!
You are too injured to fight recklessly!
You are too injured to fight recklessly!
You are too injured to fight recklessly!
You are too injured to fight recklessly!
You are too injured to fight recklessly!
You puncture the endoplasm! You freeze the endoplasm.
You kill the endoplasm!
You hit the slime creature. You freeze the slime creature.
The slime creature is lightly wounded.
The slime creature barely misses you.
You puncture the slime creature! You freeze the slime creature.
The slime creature is moderately wounded.
The slime creature hits you!
You puncture the slime creature! You freeze the slime creature.
The slime creature is moderately wounded.
The slime creature closely misses you.
You puncture the slime creature! You freeze the slime creature.
The slime creature is heavily wounded.
The slime creature hits you.
You puncture the slime creature! You freeze the slime creature.
You punch the slime creature, but do no damage.
The slime creature is severely wounded.
The slime creature hits you!
* * * LOW HITPOINT WARNING * * *
You hit the slime creature. You freeze the slime creature.
The slime creature is severely wounded.
The slime creature hits you!
You die...

###########
#[..P.....#
#÷..J...PJ#
#.P.P....÷#
#.PJ.J.÷P.#
#.P..JP...#
#...PJP...# .. .
########J## #.#.
##...@JJ## ....
#.######## .. #.#.
##..'....# . ....
####....###. +..
#.......##.. #..
#.......##.#
#.......##.#
#.......##.# ###
##
##..)..###.#####.+
#.


You could see a slime creature, a jelly and an endoplasm.

Vanquished Creatures
  A slime creature (D:5)
  Edmund (D:4)
  An ogre (D:4)
  2 kobold brigands (D:5)
  2 scorpions
  A jelly (D:5)
  A hound (D:4)
  Crazy Yiuf (D:2)
  3 iguanas
  2 orc wizards (D:5)
  7 gnolls (D:4)
  4 adders
  A worm (D:2)
  4 dart slugs
  6 orcs
  10 ball pythons
  15 endoplasms
  9 giant cockroaches
  9 goblins
  10 hobgoblins
  13 jackals
  13 kobolds
  6 quokkas
  10 bats
  3 frilled lizards
  5 rats
140 creatures vanquished.

Vanquished Creatures (others)
  An orc wizard (D:5)
  3 fungi (D:5)
  8 toadstools (D:5)
12 creatures vanquished.

Grand Total: 152 creatures vanquished

Notes
Turn   | Place    | Note
-------+----------+-------------------------------------------
     0 | D:1      | qeuew the Merfolk Gladiator began the quest for the Orb.
     0 | D:1      | Reached XP level 1. HP: 16/16 MP: 1/1
   116 | D:1      | Reached XP level 2. HP: 23/23 MP: 2/2
   266 | D:1      | Reached XP level 3. HP: 21/28 MP: 3/3
   502 | D:1      | Found a faded altar of an unknown god.
   563 | D:1      | Got the Secrets of Gathered Bewitchment
  1064 | D:1      | Reached XP level 4. HP: 34/34 MP: 4/4
  1135 | D:1      | Gained mutation: Your muscles are strong. (Str +4, Int/Dex
                  | -1) [potion of mutation]
  1198 | D:2      | Reached skill level 1 in Armour
  1279 | D:2      | Found a broken altar of Ashenzari.
  1287 | D:2      | Became a worshipper of Ashenzari the Shackled
  1395 | D:2      | Found Faschoutt's Book Shop.
  2041 | D:2      | Found a runed translucent door.
  2042 | D:2      | Noticed Crazy Yiuf
  2353 | D:2      | Killed Crazy Yiuf
  2354 | D:2      | Reached XP level 5. HP: 41/41 MP: 5/5
  2358 | D:2      | Identified the +6 hammer of the Jumping Penguin {vamp,
                  | rElec rF+}
  2643 | D:3      | Reached skill level 5 in Polearms
  2647 | D:3      | Identified the +3 trident "Yguz" {freeze, rCorr Str+5
                  | Stlth+}
  2770 | D:3      | Found a stormy altar of Qazlal.
  3409 | D:4      | Reached skill level 5 in Dodging
  3509 | D:4      | Reached XP level 6. HP: 23/47 MP: 6/6
  4143 | D:4      | Noticed Edmund
  4153 | D:4      | Killed Edmund
  4154 | D:4      | Reached XP level 7. HP: 29/54 MP: 7/7
  4322 | D:4      | Found a staircase to the Ecumenical Temple.
  4521 | D:5      | Entered Level 5 of the Dungeon
  4870 | D:5      | Reached XP level 8. HP: 30/61 MP: 8/8
  5091 | D:5      | Noticed a slime creature
  5091 | D:5      | Noticed a slime creature
  5108 | D:5      | Killed a slime creature
  5109 | D:5      | Reached skill level 5 in Fighting
  5109 | D:5      | Reached skill level 1 in Evocations
  5117 | D:5      | Slain by a slime creature

Illustrated notes

Levels and vault maps discovered:
D:1:      psy_arrival_conway, layout_basic, shapermc_ecumenical_altar_acropolis,
          chequers_decorated_corner, minmay_pentomino_q4
D:2:      kb_forest_paths, layout_basic, serial_shops, nicolae_shop_waterfront,
          serial_curves, eino_curves_01, eino_curves_01, basic_altar,
          grunt_decor_clamped, grunt_ministairs_1, uniq_crazy_yiuf_cottage
D:3:      layout_basic, mainiacjoe_overflow_alcove_4
D:4:      layout_rooms, minmay_temple_entry_drinking_statues, uniq_edmund
D:5:      cheibrodos_fertilizer, layout_basic, kennysheep_mini, st_stairs_11

Skill      XL: |  1  2  3  4  5  6  7  8 |
---------------+-------------------------+-----
Armour         | 1 2 3 |  3.0
Fighting       | 3 4 5 |  5.1
Polearms       | 5 6 |  6.8
Throwing       | 3 4 |  4.6
Dodging        | 5 6 |  6.8
Evocations     | 1 |  1.1

Action                   |  1- 3 |  4- 6 |  7- 9 || total
-------------------------+-------+-------+-------++-------
Melee: Trident           |   146 |   202 |    91 ||   439
       Punch             |       |     1 |     1 ||     2
Throw: Throwing net      |       |     1 |       ||     1
Invok: Curse Item        |       |       |     1 ||     1
  Use: Potion            |       |     4 |       ||     4
       Scroll            |       |     7 |     2 ||     9
 Stab: Sleeping          |     1 |     2 |     2 ||     5
       Distracted        |       |     1 |       ||     1
Armor: Leather armour    |    56 |       |       ||    56
       Ring mail         |     4 |    29 |    20 ||    53
Dodge: Dodged            |   134 |   108 |    56 ||   298
